 Dungeon Crawl Stone Soup version 0.20.0-15-g7f486f2 (webtiles) character file.

339 robba the Magician (level 6, 0/28 HPs)
             Began as a Spriggan Earth Elementalist on June 26, 2017.
             Was a Believer of Fedhas.
             Slain by a slave (2 damage)
             ... led by Pikel
             ... on level 5 of the Dungeon.
             The game lasted 00:54:14 (5037 turns).

robba the Magician (Spriggan Earth Elementalist)    Turns: 5037, Time: 00:54:14

Health: 0/28       AC:  3    Str:  4    XL:     6   Next: 29%
Magic:  14/14      EV: 19    Int: 27    God:    Fedhas [**....]
Gold:   61         SH:  0    Dex: 17    Spells: 1/14 levels left

rFire    . . .     SeeInvis +   k - +1 short sword (drain)
rCold    . . .     Gourm    .   (shield restricted)
rNeg     . . .     Faith    .   c - +1 robe
rPois    .         Spirit   .   (helmet restricted)
rElec    .         Reflect  .   o - scarf {repulsion}
rCorr    .         Harm     .   (gloves unavailable)
MR       +....                  (boots unavailable)
Stlth    +++.......             (no amulet)
Regen    0.1/turn               w - +6 ring of intelligence
MPRegen  0.2/turn               f - +3 ring of intelligence

@: repel missiles, very quick
A: unfitting armour, see invisible, herbivore 3, speed 3, slow metabolism 2
a: Fungal Bloom, Evolution, Sunlight, Renounce Religion


You were on level 5 of the Dungeon.
You worshipped Fedhas.
Fedhas was pleased with you.
You were full.

You visited 2 branches of the dungeon, and saw 6 of its levels.

You collected 297 gold pieces.
You spent 236 gold pieces at shops.

Inventory:

Hand Weapons
 g - a +1 vampiric rapier
 k - a +1 short sword of draining (weapon)
 m - a +0 hand axe
Missiles
 b - 38 stones (quivered)
 h - 13 sling bullets
 q - 30 bolts
 v - 4 arrows
Armour
 c - a +1 robe (worn)
 o - a scarf of repulsion (worn)
 t - a +0 leather armour
 y - a +0 chain mail of fire resistance
Jewellery
 f - a +3 ring of intelligence (right hand)
 u - an uncursed ring of see invisible
 w - a +6 ring of intelligence (left hand)
 z - an uncursed ring of wizardry {unknown}
Scrolls
 i - a scroll of fog
 l - a scroll of teleportation {unknown}
 n - 3 scrolls of amnesia
Potions
 j - a potion of degeneration
 p - 2 potions of invisibility {unknown}
 r - 5 potions of curing
 s - a potion of cancellation {unknown}
 x - 2 potions of heal wounds
 A - a potion of haste {unknown}
Books
 e - a book of Geomancy

   Spells                             Type                      Level
   a - Sandblast                      Earth                        1
   b - Passwall                       Transmutation/Earth          2
   c - Stone Arrow                    Conjuration/Earth            3
   d - Petrify                        Transmutation/Earth          4
   e - Lee's Rapid Deconstruction     Earth                        5
Comestibles
 a - 3 royal jellies
 d - 2 bread rations


   Skills:
 + Level 0.2 Fighting
 + Level 2.2 Short Blades
 + Level 3.7 Dodging
 + Level 3.8 Stealth
 + Level 4.9 Spellcasting
 + Level 1.3 Transmutations
 + Level 4.7 Earth Magic


You had one spell level left.
You knew the following spells:

 Your Spells              Type           Power        Failure   Level  Hunger
a - Sandblast             Erth           ####..       1%          1    None
b - Stone Arrow           Conj/Erth      ###...       9%          3    #......
c - Petrify               Tmut/Erth      ###.....     21%         4    ###....
d - Lee's Rapid Deconstr  Erth           ####......   28%         5    #####..


Dungeon Overview and Level Annotations

Branches:
Dungeon (5/15)             Temple (1/1) D:4

Altars:
Ashenzari
Cheibriados
Dithmenos
Elyvilon
Fedhas
Gozag
Hepliaklqana
Kikubaaqudgha
Makhleb
Nemelex Xobeh
Okawaru
Qazlal
Ru
Sif Muna
Trog
Uskayaw
Vehumet
Xom
Yredelemnul
Zin
The Shining One

Shops:
D:4 !(

Annotations:
D:5 Pikel


Innate Abilities, Weirdness & Mutations

You are very small and have problems with some larger weapons.
You are too small for most types of armour.
You have supernaturally acute eyesight. (SInv)
You are a herbivore.
You cover ground extremely quickly.
You need consume almost no food.


Message History

Pikel is moderately wounded.
The slave completely misses you. Pikel misses you. The slave misses you.
You barely miss Pikel.
Pikel is moderately wounded.
The slave barely misses you. Pikel misses you.
The slave hits you but does no damage.
You hit Pikel. You drain Pikel!
Pikel is heavily wounded.
The slave hits you but does no damage. Pikel closely misses you.
The slave barely misses you.
You hit Pikel but do no damage.
Pikel is heavily wounded.
The slave hits you.
* * * LOW HITPOINT WARNING * * *
Pikel barely misses you. The slave closely misses you.
You hit Pikel. You drain Pikel!
Pikel is heavily wounded.
The slave hits you.
You die...
Fedhas appreciates your contribution to the ecosystem.

................##.#
................##..#
................####.#
................# ..#
................# .#
................# .#
................# #
................#
.......@.......
......pKp......
..........$...#
.............##
............##
...........##
.......#..## #####.#
##.


You could see Pikel and 2 slaves.

Vanquished Creatures
  2 slaves (D:5)
  2 hounds
  2 orc wizards (D:4)
  A worker ant (D:4)
  4 adders
  5 gnolls
  A shadow imp (D:4)
  An ooze (D:1)
  6 worms
  A dart slug (D:4)
  3 leopard geckos
  10 orcs (D:4)
  2 giant cockroaches
  5 goblins
  4 hobgoblins
  11 jackals
  5 kobolds
  3 ball pythons
  4 bats
  5 frilled lizards
  7 rats
84 creatures vanquished.

Vanquished Creatures (collateral kills)
  2 dart slugs (D:3)
  A hobgoblin (D:3)
  2 jackals (D:3)
5 creatures vanquished.

Vanquished Creatures (others)
  29 toadstools
29 creatures vanquished.

Grand Total: 118 creatures vanquished

Notes
Turn   | Place    | Note
-------+----------+-------------------------------------------
     0 | D:1      | robba the Spriggan Earth Elementalist began the quest for the Orb.
     0 | D:1      | Reached XP level 1. HP: 9/9 MP: 5/5
   649 | D:1      | Reached XP level 2. HP: 13/13 MP: 3/6
  1106 | D:2      | Reached XP level 3. HP: 16/16 MP: 5/8
  1114 | D:2      | Learned a level 3 spell: Stone Arrow
  1532 | D:2      | Found a faded altar of an unknown god.
  1537 | D:2      | Became a worshipper of Fedhas Madash
  1537 | D:2      | Reached * piety under Fedhas
  1686 | D:2      | Learned a level 3 spell: Stone Arrow
  2166 | D:3      | Noticed a moth of wrath
  2170 | D:3      | Found a bloodstained altar of Trog.
  2179 | D:3      | Reached XP level 4. HP: 20/21 MP: 3/10
  2463 | D:3      | Found a shattered altar of Ashenzari.
  2770 | D:3      | Reached skill level 1 in Short Blades
  2776 | D:3      | Learned a level 4 spell: Petrify
  3224 | D:4      | Found Zebbid's Distillery.
  3238 | D:4      | Bought a potion of curing for 42 gold pieces
  3238 | D:4      | Bought a potion of curing for 42 gold pieces
  3238 | D:4      | Bought 2 potions of heal wounds for 140 gold pieces
  3283 | D:4      | Found a staircase to the Ecumenical Temple.
  3293 | Temple   | Entered the Ecumenical Temple
  3534 | D:4      | Reached XP level 5. HP: 24/24 MP: 8/12
  3542 | D:4      | Found Dourarif's Weapon Shoppe.
  3589 | D:4      | Bought 12 stones for 12 gold pieces
  3687 | D:4      | Found a shadowy altar of Dithmenos.
  3687 | D:4      | Found a stormy altar of Qazlal.
  4187 | D:4      | Reached XP level 6. HP: 28/28 MP: 4/13
  4746 | D:5      | Entered Level 5 of the Dungeon
  4872 | D:5      | Reached ** piety under Fedhas
  4916 | D:5      | Noticed a slave
  4917 | D:5      | Noticed a slave
  4917 | D:5      | Noticed a slave
  4918 | D:5      | Noticed Pikel
  4977 | D:5      | Killed a slave
  4984 | D:5      | Killed a slave
  5007 | D:5      | Learned a level 5 spell: Lee's Rapid Deconstruction
  5022 | D:5      | Noticed a slave
  5037 | D:5      | Slain by a slave

Skill      XL: |  1  2  3  4  5 |
---------------+----------------+-----
Earth Magic    | 3 4 |  4.7
Spellcasting   | 3 4 |  4.9
Short Blades   | 1 2 |  2.2
Fighting       | |  0.2
Dodging        | |  3.7
Stealth        | |  3.8
Transmutations | |  1.3

Action                   |  1- 3 |  4- 6 || total
-------------------------+-------+-------++-------
Melee: Hand axe          |     9 |       ||     9
       Short sword       |     6 |   128 ||   134
 Cast: Sandblast         |    39 |    54 ||    93
       Stone Arrow       |     4 |     1 ||     5
       Petrify           |       |     2 ||     2
Invok: Fungal Bloom      |     4 |    11 ||    15
       Evolution         |     1 |       ||     1
  Use: Scroll            |     7 |       ||     7
       Potion            |       |     1 ||     1
 Stab: Sleeping          |     1 |       ||     1
       Petrifying        |       |     1 ||     1
       Petrified         |       |     1 ||     1
  Eat: Bread ration      |       |     1 ||     1
Armor: Robe              |     6 |    23 ||    29
Dodge: Dodged            |    18 |   130 ||   148
       Deflected         |       |     1 ||     1
